 Dungeon Crawl Stone Soup version 0.28-a0-662-g1651b1f1e0 (webtiles) character file.

Game seed: 8470123150865394892

18 cheechan the Skirmisher (level 2, -3/21 HPs)
             Began as an Octopode Berserker on Oct 14, 2021.
             Was a Follower of Trog.
             Slain by Terence (10 damage)
             ... on level 2 of the Dungeon.
             The game lasted 00:04:02 (1510 turns).

cheechan the Skirmisher (Octopode Berserker)        Turns: 1510, Time: 00:04:02

Health: -3/21      AC:  1    Str: 16    XL:     2   Next: 66%
Magic:  2/2        EV: 13    Int:  9    God:    Trog [*.....]
Gold:   18         SH:  0    Dex: 11    Spells: 1/1 levels left

rFire   . . .      SeeInvis .   a - +0 mace
rCold   . . .      Faith    .   (no shield)
rNeg    . . .      Spirit   .   (helmet restricted)
rPois   .          Reflect  .   (no amulet)
rElec   .          Harm     .   (no ring)
rCorr   .          Rampage  .   (no ring)
Will    .....                   (no ring)
Stlth   ++........              (no ring)
HPRegen 0.07/turn               (no ring)
MPRegen 0.08/turn               (no ring)
                                (no ring)
                                (no ring)

@: no status effects
A: almost no armour, amphibious, 8 rings, camouflage 1, gelatinous body 1,
(nimble swimmer 1), tentacles
a: Renounce Religion, Berserk


You were on level 2 of the Dungeon.
You worshipped Trog.
Trog was aware of your devotion.
You visited 1 branch of the dungeon, and saw 2 of its levels.

You collected 18 gold pieces.

Inventory:

Hand Weapons
 a - a +0 mace (weapon)
Missiles
 c - 4 boomerangs (quivered)
Potions
 b - a potion of lignification {unknown}
 d - a potion of heal wounds {unknown}


   Skills:
 + Level 3.4 Fighting
 + Level 3.2 Maces & Flails
 + Level 3.2 Dodging
 + Level 0.4 Stealth


You had one spell level left.
You didn't know any spells.
Your spell library was empty.

Dungeon Overview and Level Annotations

Branches:
Dungeon (2/15)

Altars:

Annotations:
D:2 Terence


Innate Abilities, Weirdness & Mutations

You cannot wear most types of armour.
You are amphibious.
You can wear up to eight rings at the same time.
Your skin changes colour to match your surroundings (Stealth+).
Your rubbery body absorbs attacks. (AC +1, EV +1)
((You are camouflaged near water. (Stealth+)))
You have tentacles for arms and can constrict up to eight enemies at once.


Message History

There is an open door here.
You see here a +0 plate armour.
A ball python comes into view.
You open the door.
The ball python hisses angrily.
You closely miss the ball python. Your grab misses the ball python.
The ball python barely misses you. The ball python grabs you.
The ball python constricts you.
You hit the ball python. You grab the ball python.
The ball python is severely wounded.
You constrict the ball python.
You kill the ball python!
Trog accepts your kill.
There is an open door here.
There is an open door here.
You see here a +0 plate armour.
You see here a +0 plate armour.
There is an open door here.
There is a stone staircase leading down here.
You climb downwards.
Found a cloak.
There is a stone staircase leading up here.
You see here a +0 cloak.
Found a stone staircase leading up.
A bat and a hobgoblin come into view.
Terence the Incautious comes into view.
He is wielding a +2 hand axe of flaming.
Found 24 stones and a spear.
The bat barely misses you.
The hobgoblin shouts!
You barely miss the hobgoblin. Your grab misses the hobgoblin.
You squeeze the hobgoblin.
The hobgoblin is severely wounded.
Terence shouts!
The bat hits you.
The hobgoblin hits you but does no damage.
You barely miss Terence. Your grab misses Terence. The bat barely misses you.
Terence hits you with a +2 hand axe of flaming!
Terence burns you.
The hobgoblin hits you but does no damage.
Terence hits you with a +2 hand axe of flaming!
You die...

#########
#.......#
#.#####.#
#.#..<#.# ###
#.###.#.# ...###
#...[.#.###......
########.#g.......
.........@b.......
##########@#<#.#..
..# # ...# ..(.#
)..... ......#
.......#


You could see Terence, a hobgoblin and a bat.

Vanquished Creatures
  A dart slug (D:1)
  3 bats (D:1)
  An endoplasm (D:1)
  2 hobgoblins (D:1)
  4 ball pythons (D:1)
  A goblin (D:1)
  2 kobolds (D:1)
  2 rats (D:1)
16 creatures vanquished.

Notes
Turn   | Place    | Note
-------+----------+-------------------------------------------
     0 | D:1      | cheechan the Octopode Berserker began the quest for the
                  | Orb.
     0 | D:1      | Reached XP level 1. HP: 16/16 MP: 1/1
   125 | D:1      | Reached XP level 2. HP: 21/21 MP: 2/2
   703 | D:1      | Found a faded altar of an unknown god.
  1507 | D:2      | Noticed Terence
  1510 | D:2      | Slain by Terence

Illustrated notes

Levels and vault maps discovered:
D:1:      dpeg_arrival_court, layout_loops_corners,
          ebering_ecumenical_altar_rust
D:2:      minmay_spotlight, layout_basic, uniq_terence

Action                   || total
-------------------------++-------
Melee: Mace              ||    24
       Constrict         ||     7
       Tentacles         ||     4
  Use: Scroll            ||     1
 Stab: Sleeping          ||     4
Armor: Skin              ||     3
Dodge: Dodged            ||    16

Table legend: (Time is in decaauts)
 A = Elapsed time spent in this place.
 B = Non-inter-level travel time spent in this place.
 C = Inter-level travel time spent in this place.
 D = Time resting spent in this place.
 E = Time spent auto-exploring this place.
 F = Levels seen in this place.
 G = Mean time per level.
                   A        B        C        D        E       F      G
               +--------+--------+--------+--------+--------+-----+--------+
         Total |   1515 |   1515 |      0 |    272 |      0 |   2 |  757.5 |
       Dungeon |   1515 |   1515 |      0 |    272 |      0 |   2 |  757.5 |
               +--------+--------+--------+--------+--------+-----+--------+

Top non-repeatable levels by time:
     D:1: 1486 daAuts
     D:2: 29 daAuts
